 Dungeon Crawl Stone Soup version 0.29.1-12-g30fa7ad0bf (webtiles) character file.

Game seed: 16071797146861119175

56 soggyman666 the Shield-Bearer (level 3, -7/23 HPs)
             Began as a Gargoyle Fighter on Dec 12, 2022.
             Killed by an exploding bat (30 damage)
             ... ignited by their inner flame
             ... on level 2 of the Dungeon.
             The game lasted 00:03:30 (1835 turns).

soggyman666 the Shield-Bearer (Gargoyle Fighter)    Turns: 1835, Time: 00:03:31

Health: -7/23      AC: 13    Str: 21    XL:     3   Next: 97%
Magic:  3/3        EV:  7    Int:  8    God:
Gold:   116        SH:  4    Dex:  9    Spells: 2/2 levels left

rFire   . . .      SeeInvis .   a - +0 war axe
rCold   . . .      Faith    .   c - +0 buckler
rNeg    + . .      Spirit   .   o - +0 chain mail
rPois   ∞          Reflect  .   (no helmet)
rElec   +          Harm     .   (no cloak)
rCorr   .          Rampage  .   n - +0 pair of gloves
Will    .....                   (no boots)
Stlth   ..........              (no amulet)
HPRegen 0.07/turn               (no ring)
MPRegen 0.08/turn               (no ring)

@: no status effects
A: sickness immunity, AC +3, negative energy resistance 1, electricity
resistance, torment resistance 1, petrification resistance
a: no special abilities


You were on level 2 of the Dungeon.
You visited 1 branch of the dungeon, and saw 2 of its levels.

You collected 116 gold pieces.

Inventory:

Hand Weapons
 a - a +0 war axe (weapon)
 b - a +2 dagger of draining
Armour
 c - a +0 buckler (worn)
 n - a +0 pair of gloves (worn)
 o - a +0 chain mail (worn)
Jewellery
 h - a ring of wizardry
 m - the ring of Lusiorul {rC+ Will+}
   (You found it on level 2 of the Dungeon)

   [ring of willpower]

   rC:        It protects you from cold.
   Will:      It increases your willpower.
Scrolls
 g - a scroll of teleportation
 i - a scroll of magic mapping
 r - a scroll of amnesia {unknown}
Potions
 d - 2 potions of might
 e - a potion of flight {unknown}
 f - 3 potions of curing {unknown}
 j - a potion of attraction {unknown}
 k - a potion of mutation {unknown}
 l - a potion of brilliance {unknown}
 q - a potion of ambrosia {unknown}


   Skills:
 + Level 3.6 Fighting
 + Level 2.4 Axes
 + Level 3.8 Armour
 + Level 0.3 Dodging
 + Level 4.0 Shields


You had 2 spell levels left.
You didn't know any spells.
Your spell library was empty.

Dungeon Overview and Level Annotations

Branches:
Dungeon (2/15)

Altars:


Innate Abilities, Weirdness & Mutations

You are immune to sickness and miasma.
Your stone body is resilient. (AC +3)
You are immune to poison.
You resist negative energy. (rN+)
You are resistant to electric shocks. (rElec)
You are resistant to unholy torment.
You are immune to petrification.


Message History

a +2 dagger of draining; a kobold corpse
b - a +2 dagger of draining
p - a scroll labelled MUFEHI HEONA
q - a cyan potion
As you read the scroll labelled UMUROI JEMU, it crumbles to dust.
It is a scroll of identify.
g - a scroll of teleportation
As you read the scroll of identify, it crumbles to dust.
i - a scroll of magic mapping
There is an open door here.
You see here a kobold corpse.
You open the door.
A quokka comes into view.
Found a green potion.
There is an open door here.
The quokka bites you but does no damage.
You barely miss the quokka. You block the quokka's attack.
The quokka bites you but does no damage.
You slash the quokka!
You kill the quokka!
You see here a quokka corpse.
f - 2 green potions (gained 1)
You see here a quokka corpse.
There is an open door here.
Found an escape hatch in the floor.
There is an escape hatch in the floor here.
f - 3 green potions (gained 1)
e - a silvery potion
r - a scroll labelled GEGINU TENLE
There is an open door here.
You open the door.
A bat comes into view.
As you read the scroll labelled MUFEHI HEONA, it crumbles to dust.
The creatures around you are filled with an inner flame!
It was a scroll of immolation.
The bat completely misses you.
You slash the bat!
The bat explodes!
The fiery explosion engulfs you!!
Ouch! That really hurt!
You die...

#># ##...## ##...###.# #.##
##.....## ##.....##.# #..##
##.......###.#...#.#.#
##...####.....>...#.##...##..##
#.......+......)..'............
####...####.........###.....#####
.......# ##.......## ##..)##
#####..# ##.....## ##.## ####..#
##.§@## #.# #.....# ##§## #.#
#.###.# #§ #.# #.# #.# #. #.#
##.###.# #. #.# .......# .. #.#
##.##### .. #.# #.######### ..
######.# #.........# #......#


There were no monsters in sight!

Vanquished Creatures
  2 adders (D:2)
  A worm (D:2)
  A dart slug (D:1)
  An endoplasm (D:1)
  4 giant cockroaches
  A goblin (D:1)
  A hobgoblin (D:1)
  7 kobolds
  3 quokkas
  2 ball pythons (D:2)
  6 bats
  A frilled lizard (D:1)
  5 rats
35 creatures vanquished.

Vanquished Creatures (others)
  2 demonic plants (D:1)
2 creatures vanquished.

Grand Total: 37 creatures vanquished

Notes
Turn   | Place    | Note
-------+----------+-------------------------------------------
     0 | D:1      | soggyman666 the Gargoyle Fighter began the quest for the
                  | Orb.
     0 | D:1      | Reached XP level 1. HP: 14/14 MP: 1/1
   300 | D:1      | Reached XP level 2. HP: 11/19 MP: 2/2
   782 | D:1      | Found a faded altar of an unknown god.
   782 | D:1      | Noticed an orange demon
  1196 | D:2      | Reached XP level 3. HP: 23/23 MP: 3/3
  1266 | D:2      | Identified the ring of Lusiorul {rC+ Will+}
  1279 | D:2      | Reached skill level 4 in Shields
  1835 | D:2      | Killed by an exploding bat... ignited by their inner flame

Illustrated notes

Levels and vault maps discovered:
D:1:      dpeg_arrival_snail, layout_basic,
          dreamdust_ecumenical_altar_sealed_demon
D:2:      kennysheep_six_static_rooms, layout_loops_corners, minmay_pentomino_z2

Skill      XL: |  1  2  3 |
---------------+----------+-----
Axes           | 2 |  2.4
Shields        | 4 |  4.0
Fighting       | |  3.6
Armour         | |  3.8
Dodging        | |  0.3

Action                   || total
-------------------------++-------
Melee: War axe           ||   123
  Use: Scroll            ||     3
Armor: Scale mail        ||    71
       Chain mail        ||    18
Dodge: Dodged            ||    61
Block: Buckler           ||    28
